 Dungeon Crawl Stone Soup version 0.29-a0-1052-g6990b1bffc (webtiles) character file.

Game seed: 17367406703816081415

49 spaghetti the Conjurer (level 3, 0/31 HPs)
             Began as an Ogre Conjurer on Aug 17, 2022.
             Was a Follower of Okawaru.
             Slain by Terence
             ... wielding a +0 mace
              (7 damage)
             ... on level 2 of the Dungeon.
             The game lasted 00:03:37 (1940 turns).

spaghetti the Conjurer (Ogre Conjurer)              Turns: 1940, Time: 00:03:37

Health: 0/31       AC:  3    Str: 11    XL:     3   Next: 77%
Magic:  0/8        EV:  9    Int: 21    God:    Okawaru [*.....]
Gold:   73         SH:  0    Dex:  7    Spells: 5/9 levels left

rFire   . . .      SeeInvis .   c - +0 dagger (freeze) {short}
rCold   . . .      Faith    .   (no shield)
rNeg    . . .      Spirit   .   a - +0 robe
rPois   .          Reflect  .   (helmet restricted)
rElec   .          Harm     .   (no cloak)
rCorr   .          Rampage  .   (gloves unavailable)
Will    .....                   (boots unavailable)
Stlth   +.........              (no amulet)
HPRegen 0.10/turn               (no ring)
MPRegen 0.11/turn               (no ring)

@: no status effects
A: large, unfitting armour, tough skin 1
a: Renounce Religion, Heroism


You were on level 2 of the Dungeon.
You worshipped Okawaru.
Okawaru was aware of your devotion.
You visited 1 branch of the dungeon, and saw 2 of its levels.

You collected 73 gold pieces.


Innate Abilities, Weirdness & Mutations

You are too large for most types of armour.
You have tough skin. (AC +1)


   Skills:
 - Level 1.7 Dodging
 - Level 1.4 Stealth
 + Level 3.6 Spellcasting
 + Level 4.2 Conjurations


You had 5 spell levels left.
You knew the following spells:

 Your Spells              Type           Power      Damage    Failure   Level
a - Magic Dart            Conj           84%        1d7       2%          1
b - Foxfire               Conj/Fire      48%        2x1d6     5%          1
c - Searing Ray           Conj           42%        2d6       3%          2

Your spell library contained the following spells:

 Spells                   Type           Power      Damage    Failure   Level
 Conjure Flame            Conj/Fire      12%        6-21      16%         3
 Dazzling Flash           Conj/Hex       24%        N/A       16%         3
 Inner Flame              Hex/Fire       3%         N/A       36%         3
 Flame Wave               Conj/Fire      12%        2d6       45%         4
 Fulminant Prism          Conj/Hex       6%         3d7       45%         4
 Iskenderun's Mystic Bla  Conj/Tloc      12%        2d5       45%         4

Inventory:

Hand Weapons
 b - a +0 rapier {short}
   (You found it on level 1 of the Dungeon)
 c - a +0 dagger of freezing (weapon) {short}
   (You took it off a kobold on level 1 of the Dungeon)
 e - a +0 whip {mace}
   (You took it off a kobold on level 1 of the Dungeon)
 f - a +0 club {mace}
   (You took it off a goblin on level 1 of the Dungeon)
 g - a +0 short sword {short}
   (You took it off a kobold on level 1 of the Dungeon)
 h - a +0 club {mace}
   (You found it on level 1 of the Dungeon)
 i - a +0 dagger {short}
   (You took it off a kobold on level 1 of the Dungeon)
 l - a +0 dagger {short}
   (You found it on level 1 of the Dungeon)
 s - a +3 dagger {short}
   (You took it off a goblin on level 2 of the Dungeon)
Missiles
 d - 10 stones {throwing}
 t - 2 javelins {throwing}
 u - 6 atropa-tipped darts {throwing}
Armour
 a - a +0 robe (worn)
Jewellery
 v - a +4 ring of evasion
   (You found it on level 2 of the Dungeon)
Scrolls
 j - 3 scrolls of identify {@r1}
 k - a scroll of teleportation {unknown}
 q - a scroll of immolation {unknown}
 r - a scroll of enchant weapon {unknown}
Potions
 m - a potion of mutation {unknown}
 n - 2 potions of flight {unknown}
 o - a potion of might {unknown}
 p - a potion of berserk rage {unknown}

Dungeon Overview and Level Annotations

Branches:
Dungeon (2/15) Zot: 10059

Altars:
Okawaru
Yredelemnul

Shops:
D:2 ?

Annotations:
D:2 Terence

... #.. .### #.# ... #.#
#..### #.# .....# ####.#
.....#. .####....###.._....
...(..@@.........#
.#.##.#####......# ...
..#.#.##........##### #..
....#.########..# ... ..#.#.#
#..# # #.. #.#.#.####
###..######.#.
#..##.#†#.##<###.............
#..#.#.#.##.#.....<......#
#..#.#.#.##.#.#.#..#<###.##.#.


You could see Terence.


Message History

No target in view! 😎 MP[-1]
You lost 1 mp, and now have 6/8 mp.
No target in view!
No target in view!
No target in view!
No target in view!
No target in view!
No target in view!
No target in view!
No target in view!
No target in view!
No target in view!
No target in view!
No target in view!
No target in view!
No target in view!
No target in view!
No target in view!
Terence the Incautious comes into view.
He is wielding a +0 mace.
Casting: Magic Dart (safe; 2% risk of failure)
Confirm with . or Enter, or press ? or * to list all spells.
You conjure some foxfire!
Terence shouts!
Casting: Foxfire (safe; 5% risk of failure)
Confirm with . or Enter, or press ? or * to list all spells.
You conjure some foxfire!
The foxfire hits Terence but does no damage. 😎 MP[-1]
You lost 1 mp, and now have 5/8 mp.
Casting: Foxfire (safe; 5% risk of failure)
Confirm with . or Enter, or press ? or * to list all spells.
You conjure some foxfire!
The foxfire hits Terence. x2 😎 MP[-1]
You lost 1 mp, and now have 4/8 mp.
Casting: Foxfire (safe; 5% risk of failure)
Confirm with . or Enter, or press ? or * to list all spells.
You conjure some foxfire!
The foxfire hits Terence but does no damage. x2
The foxfire hits Terence. 😎 MP[-1]
You lost 1 mp, and now have 3/8 mp.
Casting: Foxfire (safe; 5% risk of failure)
Confirm with . or Enter, or press ? or * to list all spells.
You conjure some foxfire!
The foxfire hits Terence but does no damage. 😎 MP[-1]
You lost 1 mp, and now have 2/8 mp.
Casting: Foxfire (safe; 5% risk of failure)
Confirm with . or Enter, or press ? or * to list all spells.
You conjure some foxfire!
The foxfire hits Terence but does no damage. x3 😎 MP[-1]
You lost 1 mp, and now have 1/8 mp.
Casting: Foxfire (safe; 5% risk of failure)
Confirm with . or Enter, or press ? or * to list all spells.
You conjure some foxfire!
The foxfire hits Terence.
The foxfire hits Terence but does no damage. 😎 MP[-1]
You lost 1 mp, and now have 0/8 mp.
Casting: Foxfire (safe; 5% risk of failure)
Confirm with . or Enter, or press ? or * to list all spells.
You don't have enough magic to cast this spell.
Casting: Foxfire (safe; 5% risk of failure)
Confirm with . or Enter, or press ? or * to list all spells.
You don't have enough magic to cast this spell.
You hit Terence. You freeze Terence.
The foxfire hits Terence but does no damage.
The foxfire hits Terence.
Terence barely misses you.
You hit Terence but do no damage. Terence barely misses you.
You hit Terence. You freeze Terence. Terence says, "How do you enjoy it?"
Terence hits you with a +0 mace. 😕 HP[-4] MP[+1]
You take 4 damage, and now have 27/31 hp.
You hit Terence. You freeze Terence.
Terence hits you with a +0 mace. 😮 HP[-4]
You take 4 damage, and now have 23/31 hp.
You hit Terence but do no damage. Terence closely misses you.
You hit Terence but do no damage.
Terence hits you with a +0 mace. 😮 HP[-5]
You take 5 damage, and now have 18/31 hp.
You hit Terence but do no damage. Terence hits you with a +0 mace.
* * * LOW HITPOINT WARNING * * *
😨 HP[-4]
You take 4 damage, and now have 14/31 hp.
You hit Terence but do no damage. Terence barely misses you.
You completely miss Terence. Terence hits you with a +0 mace!
* * * LOW HITPOINT WARNING * * *
😱 HP[-7]
You take 7 damage, and now have 7/31 hp.
MASSIVE DAMAGE!! (PAUSE)
Casting: Foxfire (safe; 5% risk of failure)
Confirm with . or Enter, or press ? or * to list all spells.
Aiming: Magic Dart (safe; 2% risk of failure)
Press: ? - help, Shift-Dir - straight line, f - Terence
Aim: Terence, wielding a +0 mace and wearing a +0 scale mail (almost dead, 100% to hit)
The magic dart hits Terence but does no damage.
Terence hits you with a +0 mace!
You die...

Skill      XL: |  1  2 |
---------------+-------+-----
Spellcasting   | 3 |  3.6
Conjurations   | 4 |  4.2
Dodging        | |  1.7
Stealth        | |  1.4

Action                   || total
-------------------------++-------
Melee: Unarmed           ||    39
       Dagger            ||    23
       Punch             ||     1
 Cast: Magic Dart        ||    81
       Foxfire           ||     8
  Use: Scroll            ||     2
       Potion            ||     2
Armor: Robe              ||    24
Dodge: Dodged            ||    36

Levels and vault maps discovered:
D:1:      scummos_arrival_simple_crosswalls, layout_rooms,
          ebering_ecumenical_altar_petrified
D:2:      layout_basic, serial_shops, shop, basic_altar, uniq_terence

Notes
Turn   | Place    | Note
-------+----------+-------------------------------------------
     0 | D:1      | spaghetti the Ogre Conjurer began the quest for the Orb.
     0 | D:1      | Reached XP level 1. HP: 16/16 MP: 3/3
     0 | D:1      | magus.rc [v1.9.6]
   193 | D:1      | Reached XP level 2. HP: 24/24 MP: 2/5
   324 | D:1      | Reached skill level 3 in Spellcasting
   568 | D:1      | Reached skill level 4 in Conjurations
   582 | D:1      | HP: 6/24 [hobgoblin (2)]
   848 | D:1      | Found a faded altar of an unknown god.
   863 | D:1      | You pick up a book of Flames and begin reading...
   863 | D:1      | You add the spells Foxfire, Conjure Flame, Inner Flame and
                  | Flame Wave to your library.
   887 | D:1      | Learned a level 1 spell: Foxfire
   950 | D:1      | Reached XP level 3. HP: 27/31 MP: 3/7
  1046 | D:1      | Learned a level 2 spell: Searing Ray
  1470 | D:1      | Prayed at the altar of an unknown god.
  1470 | D:1      | Became a worshipper of Warmaster Okawaru
  1470 | D:1      | Reached * piety under Okawaru
  1713 | D:2      | Found Kurul's Magic Scroll Shoppe.
  1906 | D:2      | Found a basalt altar of Yredelemnul.
  1923 | D:2      | Noticed Terence
  1939 | D:2      | HP: 7/31 [Terence/+0 mace (7)]
  1940 | D:2      | Slain by Terence

Vanquished Creatures
  A dart slug (D:1)
  An orc (D:2)
  3 bats
  3 endoplasms (D:1)
  4 goblins
  8 hobgoblins
  4 jackals (D:1)
  A quokka (D:1)
  3 ball pythons
  A frilled lizard (D:2)
  6 kobolds (D:1)
  9 rats
44 creatures vanquished.

Vanquished Creatures (others)
  13 foxfires (D:2)
13 creatures vanquished.

Grand Total: 57 creatures vanquished

Table legend:
 A = Non-vault XP
 B = Vault XP
 C = Vault XP percentage of total XP
 D = Non-vault monster count
 E = Vault monster count
 F = Vault count percentage of total count
                 A         B        C        D         E       F
            +---------+---------+-------+---------+---------+-------
      Total |      71 |       0 |   0.0 |      44 |       0 |   0.0
            +---------+---------+-------+---------+---------+-------
        D:1 |      52 |       0 |   0.0 |      33 |       0 |   0.0
        D:2 |      19 |       0 |   0.0 |      11 |       0 |   0.0
            +---------+---------+-------+---------+---------+-------

Illustrated notes

Table legend:
 A = Kills in this place as a percentage of kills in entire the game.
 B = Kills by you in this place as a percentage of kills by you in the entire game.
 C = Kills by friends in this place as a percentage of kills by friends in the entire game.
 D = Other kills in this place as a percentage of other kills in the entire game.
 E = Experience gained in this place as a percentage of experience gained in the entire game.
 F = Experience gained in this place divided by the number of levels of this place that you have seen.
                   A       B       C       D       E      F
               +-------+-------+-------+-------+-------+----------------------
         Total | 100.0 | 100.0 |   N/A |   N/A | 100.0 |  35.5
       Dungeon | 100.0 | 100.0 |   N/A |   N/A | 100.0 |  35.5
               +-------+-------+-------+-------+-------+----------------------

Table legend: (Time is in decaauts)
 A = Elapsed time spent in this place.
 B = Non-inter-level travel time spent in this place.
 C = Inter-level travel time spent in this place.
 D = Time resting spent in this place.
 E = Time spent auto-exploring this place.
 F = Levels seen in this place.
 G = Mean time per level.
                   A        B        C        D        E       F      G
               +--------+--------+--------+--------+--------+-----+--------+
         Total |   1939 |   1895 |     44 |     36 |   1615 |   2 |  969.5 |
       Dungeon |   1939 |   1895 |     44 |     36 |   1615 |   2 |  969.5 |
               +--------+--------+--------+--------+--------+-----+--------+

Top non-repeatable levels by time:
     D:1: 1514 daAuts
     D:2: 424 daAuts
